 Dungeon Crawl Stone Soup version 0.21.1-1-g345015f (webtiles) character file.

1133 Fang the Chopper (level 8, 0/51 HPs)
             Began as a Gargoyle Berserker on May 2, 2018.
             Was an Elder of Trog.
             Slain by Scar's ghost (4 damage)
             ... on level 6 of the Dungeon.
             The game lasted 00:11:15 (5019 turns).

Fang the Chopper (Gargoyle Berserker)               Turns: 5019, Time: 00:11:16

Health: 0/51       AC: 10    Str: 23    XL:     8   Next: 36%
Magic:  8/8        EV: 13    Int:  8    God:    Trog [****..]
Gold:   245        SH:  0    Dex:  9    Spells: 7/7 levels left

rFire    . . .     SeeInvis .   r - +4 rapier
rCold    . . .     Gourm    .   (no shield)
rNeg     + . .     Faith    .   b - +2 animal skin
rPois    ∞         Spirit   .   i - +1 hat
rElec    +         Reflect  .   (no cloak)
rCorr    .         Harm     .   (no gloves)
MR       .....                  (no boots)
Stlth    ++........             (no amulet)
HPRegen  0.17/turn              (no ring)
MPRegen  0.11/turn              (no ring)

@: berserk cooldown, slowed, very slow
A: negative energy resistance 1, electricity resistance, unbreathing,
petrification resistance, rot immunity, AC +5
a: Berserk, Trog's Hand, Brothers in Arms, Burn Spellbooks, Renounce Religion


You were on level 6 of the Dungeon.
You worshipped Trog.
Trog was greatly pleased with you.
You were very hungry.

You visited 1 branch of the dungeon, and saw 6 of its levels.

You collected 245 gold pieces.

Inventory:

Hand Weapons
 a - a +0 hand axe
 r - a +4 rapier (weapon)
Missiles
 g - a javelin (quivered)
Armour
 b - a +2 animal skin (worn)
 i - a +1 hat (worn)
Jewellery
 q - a +4 ring of strength {unknown}
Wands
 m - a wand of digging (11)
 v - a wand of polymorph (12)
 w - a wand of flame (19)
Scrolls
 h - a scroll of remove curse
 j - 2 scrolls of teleportation
 p - a scroll of enchant armour
 s - a scroll of fog
 t - a scroll of fear
Potions
 d - a potion of brilliance
 e - 2 potions of lignification
 f - a potion of heal wounds
 k - a potion of ambrosia
 l - a potion of curing {unknown}
 n - a potion of berserk rage {unknown}
 o - a potion of flight {unknown}
 u - 2 potions of might {unknown}
 z - a potion of haste {unknown}
Comestibles
 c - 16 rations


   Skills:
 + Level 5.7 Fighting
 + Level 1.9 Short Blades
 + Level 6.5 Axes
 + Level 2.4 Armour
 + Level 3.9 Dodging
 + Level 2.6 Stealth


You had 7 spell levels left.
You didn't know any spells.

Dungeon Overview and Level Annotations

Branches:
Dungeon (6/15)             Temple (0/1) D:5

Altars:
Elyvilon
Okawaru
Ru
Xom
The Shining One

Shops:
D:5 [

Annotations:
D:6 Scar's ghost, novice GrFi


Innate Abilities, Weirdness & Mutations

You are resistant to torment.
Your stone body is resilient. (AC +5)
You are immune to poison.
You resist negative energy. (rN+)
You are resistant to electric shocks. (rElec)
You can survive without breathing.
You are immune to petrification.
You are immune to rotting.


Message History

Scar's ghost is moderately damaged.
Scar's ghost misses you.
Scar's ghost hits you but does no damage.
You hit Scar's ghost but do no damage.
Scar's ghost is moderately damaged.
Scar's ghost barely misses you. Scar's ghost hits you.
* * * LOW HITPOINT WARNING * * *
You puncture Scar's ghost!
Scar's ghost is heavily damaged.
Scar's ghost closely misses you.
You barely miss Scar's ghost.
Scar's ghost is heavily damaged.
Scar's ghost closely misses you.
Scar's ghost hits you but does no damage.
You hit Scar's ghost but do no damage.
Scar's ghost is heavily damaged.
Scar's ghost hits you!
* * * LOW HITPOINT WARNING * * *
Scar's ghost hits you.
You die...

...#........##....
...........##....
#.........##.... ####
#+##.>#............
#....#..................
.....#..................
.............#######....
.....%.......# .....
......W@.....# ......
..#'##...###.# ......
...........# ......
............# .......
.............# ....
.............#
.............#
.............#


You could see Scar's ghost.

Vanquished Creatures
  Sigmund (D:2)
  A phantom (D:5)
  A scorpion (D:5)
  A crimson imp (D:5)
  A centaur zombie (D:5)
  2 hounds (D:4)
  2 orc priests
  A centaur skeleton (D:5)
  2 bullfrog skeletons
  An iguana (D:5)
  Natasha (twice) (D:3)
  4 orc wizards
  3 worker ants
  2 hound skeletons
  Robin (D:4)
  5 gnolls
  A howler monkey skeleton (D:5)
  5 adders
  2 oozes
  An adder skeleton (D:4)
  2 dart slugs
  2 worms
  5 leopard geckos
  24 orcs
  4 bats
  7 giant cockroaches
  8 goblins
  15 hobgoblins
  10 jackals
  2 kobolds
  2 quokkas
  3 ball pythons (D:3)
  6 frilled lizards
  A leopard gecko skeleton (D:4)
  5 rats
135 creatures vanquished.

Vanquished Creatures (others)
  A worker ant (D:5)
1 creature vanquished.

Grand Total: 136 creatures vanquished

Notes
Turn   | Place    | Note
-------+----------+-------------------------------------------
     0 | D:1      | Fang the Gargoyle Berserker began the quest for the Orb.
     0 | D:1      | Reached XP level 1. HP: 14/14 MP: 1/1
    18 | D:1      | Reached XP level 2. HP: 6/19 MP: 2/2
    23 | D:1      | Reached skill level 3 in Axes
   427 | D:1      | Reached XP level 3. HP: 5/24 MP: 3/3
  1007 | D:2      | Reached ** piety under Trog
  1184 | D:2      | Reached XP level 4. HP: 25/29 MP: 4/4
  1461 | D:2      | Found a sacrificial altar of Ru.
  1505 | D:2      | Noticed Sigmund
  1518 | D:2      | Killed Sigmund
  1518 | D:2      | Reached skill level 4 in Axes
  1518 | D:2      | Reached skill level 1 in Stealth
  1518 | D:2      | Reached XP level 5. HP: 28/34 MP: 5/5
  1518 | D:2      | Reached XP level 6. HP: 32/39 MP: 6/6
  2013 | D:3      | Noticed Natasha
  2021 | D:3      | Killed Natasha
  2059 | D:3      | Reached skill level 5 in Axes
  2081 | D:3      | Found a white marble altar of Elyvilon.
  2502 | D:3      | Noticed Natasha
  2511 | D:3      | Killed Natasha
  2673 | D:3      | Reached XP level 7. HP: 40/44 MP: 7/7
  2686 | D:3      | Reached *** piety under Trog
  3157 | D:4      | Reached skill level 5 in Fighting
  3168 | D:4      | Noticed Robin
  3186 | D:4      | Killed Robin
  3302 | D:4      | Found an iron altar of Okawaru.
  3465 | D:4      | Reached skill level 6 in Axes
  3933 | D:5      | Entered Level 5 of the Dungeon
  3980 | D:5      | Found a staircase to the Ecumenical Temple.
  4155 | D:5      | Found the +18 shield of the Gong {rElec rN+ MR+ EV-5}
  4170 | D:5      | Found Goxicig's Antique Armour Boutique.
  4204 | D:5      | Reached **** piety under Trog
  4204 | D:5      | Reached XP level 8. HP: 39/49 MP: 8/8
  4456 | D:5      | Reached skill level 1 in Short Blades
  4482 | D:5      | Found a shimmering altar of Xom.
  4894 | D:6      | Found a glowing golden altar of the Shining One.
  4993 | D:6      | Noticed Scar's ghost (novice GrFi)
  5019 | D:6      | Slain by Scar's ghost

Skill      XL: |  1  2  3  4  5  6  7  8 |
---------------+-------------------------+-----
Axes           | 3 4 5 6 |  6.5
Fighting       | 4 5 |  5.7
Dodging        | 2 3 |  3.9
Stealth        | 1 2 |  2.6
Short Blades   | 1 |  1.9
Armour         | |  2.4

Action                   |  1- 3 |  4- 6 |  7- 9 || total
-------------------------+-------+-------+-------++-------
Melee: Hand axe          |    66 |   158 |   185 ||   409
       Rapier            |       |       |   151 ||   151
Invok: Berserk           |     2 |     2 |     2 ||     6
       Burn Spellbooks   |       |       |     1 ||     1
  Use: Scroll            |       |    11 |     4 ||    15
       Potion            |       |       |     1 ||     1
 Stab: Paralysed         |       |     1 |       ||     1
       Sleeping          |       |     2 |     4 ||     6
  Eat: Chunk             |     6 |     7 |     9 ||    22
Armor: Animal skin       |    26 |    59 |   140 ||   225
Dodge: Dodged            |    55 |    90 |   242 ||   387
